 Dungeon Crawl Stone Soup version 0.32-a0-86-g8db1b9f803 (webtiles) character file.

Game seed: 17058019595309997049

35 Atlas the Magician (level 3, 0/19 HPs)
             Began as a Deep Elf Fire Elementalist on Feb 6, 2024.
             Succumbed to an adder's poison
             ... on level 2 of the Dungeon.
             The game lasted 00:01:21 (1477 turns).

Atlas the Magician (Deep Elf Fire Elementalist)     Turns: 1477, Time: 00:01:21

Health: 0/19       AC:  3    Str:  5    XL:     3   Next: 17%
Magic:  10/10      EV: 12    Int: 21    God:
Gold:   54         SH:  0    Dex: 21    Spells: 7/10 levels left

rFire   . . .        f - +0 dagger (venom)
rCold   . . .        (no shield)
rNeg    . . .        e - +0 leather armour
rPois   .            (no helmet)
rElec   .            (no cloak)
rCorr   .            (no gloves)
SInv    .            (no boots)
Will    .....        (no amulet)
Stlth   ++           c - +6 ring of dexterity
HPRegen 0.23/turn    (no ring)
MPRegen 0.12/turn

%: no passive effects
@: lethally poisoned (0 -> -1)
A: no striking features
a: no special abilities


You were on level 2 of the Dungeon.
You visited 1 branch of the dungeon, and saw 2 of its levels.

You collected 54 gold pieces.

Inventory:

Hand Weapons
 f - a +0 dagger of venom (weapon)
Armour
 a - a +0 robe
 e - a +0 leather armour (worn)
Jewellery
 c - a +6 ring of dexterity (left hand)
Scrolls
 d - 2 scrolls of blinking {unknown}
 g - a scroll of teleportation {unknown}
 h - a scroll of amnesia {unknown}


   Skills:
 + Level 2.6 Dodging
 + Level 2.8 Stealth
 + Level 4.1 Spellcasting
 + Level 1.5 Conjurations
 + Level 3.6 Fire Magic


You had 7 spell levels left.
You knew the following spells:

 Your Spells              Type           Power      Damage    Failure   Level
a - Scorch                Fire           38%        2d6       7%          2
b - Foxfire               Conj/Fire      60%        2x1d7     7%          1

Your spell library contained the following spells:

 Spells                   Type           Power      Damage    Failure   Level
 Magic Dart               Conj           40%        1d5       11%         1
 Searing Ray              Conj           20%        2d5       16%         2
 Inner Flame              Hex/Fire       11%        N/A       28%         3
 Volatile Blastmotes      Fire/Tloc      22%        2d11      28%         3
 Call Canine Familiar     Summ           4%         N/A       52%         3
 Sigil of Binding         Hex            4%         N/A       52%         3
 Flame Wave               Conj/Fire      15%        2d7       56%         4
 Fulminant Prism          Conj/Alch      3%         3d5       82%         4
 Dimensional Bullseye     Hex/Tloc       2%         N/A       89%         4


Dungeon Overview and Level Annotations

Branches:
Dungeon (2/15)

Altars:


Message History

The ball python grabs you. The ball python constricts you.
You escape the ball python's grasp.
You feel sick.
You are no longer poisoned.
The adder attacks as it pursues you! The adder barely misses you.
The adder attacks as it pursues you! The adder misses you.
Casting: Foxfire (safe; 9% risk of failure)
Confirm with . or Enter, or press ? or * to list all spells.
You conjure some foxfire!
The adder barely misses you. The ball python closely misses you.
The ball python grabs you. The ball python constricts you. The adder bites you.
* * * LOW HITPOINT WARNING * * *
You are lethally poisoned!
The adder poisons you!
Your magical contamination has completely faded away.
Unknown command.
You escape the ball python's grasp.
* * * LOW HITPOINT WARNING * * *
You feel sick.
The foxfire hits the adder.
You kill the adder!
Your Spellcasting skill increases to level 4!
You have reached level 3!
Your experience leads to an increase in your attributes!
Your base attributes are Str 5, Int 19, Dex 15.
Increase (S)trength, (I)ntelligence, or (D)exterity?
You feel clever. x2
Unknown command.
Magic courses through your body.
* * * LOW HITPOINT WARNING * * *
You feel sick.
The foxfire hits the ball python.
You kill the ball python!
Unknown command.
Casting: Foxfire (safe; 7% risk of failure)
Confirm with . or Enter, or press ? or * to list all spells.
You can't see any susceptible monsters within range! (Use Z to cast anyway.) Unknown command.
* * * LOW HITPOINT WARNING * * *
You feel sick.
* * * LOW HITPOINT WARNING * * *
You feel sick.
You die...

#..# ....###
#...#. . #.... ..
##._.## ####..
#.....#### #... #
#...#...#!###.##
.## ...
##.††......##...#
#
##..#...@<.....##
#..###...†....>..
#..!.#.....##.####
..########### #
... ... ..


There were no monsters in sight!

Vanquished Creatures
  An adder (D:2)
  A dart slug (D:1)
  2 endoplasms (D:1)
  A giant cockroach (D:1)
  4 goblins (D:1)
  A hobgoblin (D:1)
  7 ball pythons
  2 bats (D:1)
  2 frilled lizards (D:1)
  2 rats (D:1)
23 creatures vanquished.

Vanquished Creatures (others)
  112 foxfires
112 creatures vanquished.

Grand Total: 135 creatures vanquished

Notes
Turn   | Place    | Note
-------+----------+-------------------------------------------
     0 | D:1      | Atlas the Deep Elf Fire Elementalist began the quest for
                  | the Orb.
     0 | D:1      | Reached XP level 1. HP: 10/10 MP: 6/6
     6 | D:1      | Noticed a yaktaur captain
     6 | D:1      | Noticed an imperial myrmidon
     6 | D:1      | Noticed a tyrant leech
     6 | D:1      | Noticed an iguana
   319 | D:1      | Reached XP level 2. HP: 15/15 MP: 1/8
  1436 | D:2      | Found a faded altar of an unknown god.
  1444 | D:2      | Learned a level 2 spell: Scorch
  1474 | D:2      | Reached skill level 4 in Spellcasting
  1474 | D:2      | Reached XP level 3. HP: 4/19 MP: 0/10
  1477 | D:2      | Succumbed to an adder's poison

Illustrated notes

Levels and vault maps discovered:
D:1:      onia_arrival_zoo_common, layout_rooms, serial_forest,
          infiniplex_forest_lined_3, infiniplex_forest_straight_3,
          infiniplex_forest_diagonal, infiniplex_forest_clump_diagonal,
          infiniplex_forest_zigzag_1, st_stairs_13, chequers_big_river,
          minmay_crystal_room
D:2:      layout_basic, nicolae_ecumenical_snake_handling, grunt_ministairs_15

Skill      XL: |  1  2 |
---------------+-------+-----
Spellcasting   | 4 |  4.1
Dodging        | |  2.6
Stealth        | |  2.8
Conjurations   | |  1.5
Fire Magic     | |  3.6

Action                     || total
---------------------------++-------
  Melee: Dagger            ||     2
   Cast: Foxfire           ||    61
         Scorch            ||     3
    Use: Potion            ||     1
 Armour: Robe              ||     3
         Leather armour    ||     6
  Dodge: Dodged            ||    10

Table legend: (Time is in decaauts)
 A = Elapsed time spent in this place.
 B = Non-inter-level travel time spent in this place.
 C = Inter-level travel time spent in this place.
 D = Time resting spent in this place.
 E = Time spent auto-exploring this place.
 F = Levels seen in this place.
 G = Mean time per level.
                   A        B        C        D        E       F      G
               +--------+--------+--------+--------+--------+-----+--------+
         Total |   1486 |   1435 |     51 |      0 |   1271 |   2 |  743.0 |
       Dungeon |   1486 |   1435 |     51 |      0 |   1271 |   2 |  743.0 |
               +--------+--------+--------+--------+--------+-----+--------+

Top non-repeatable levels by time:
     D:1: 1393 daAuts
     D:2: 92 daAuts
